 Dungeon Crawl Stone Soup version 0.20-a0-1116-gaa52201 (webtiles) character file.

130 MydosGodOfBeginnings the Sneak (level 4, -1/22 HPs)
             Began as a Spriggan Assassin on May 8, 2017.
             Slain by an orc
             ... wielding a +0 falchion
              (6 damage)
             ... on level 3 of the Dungeon.
             The game lasted 00:10:26 (2361 turns).

MydosGodOfBeginnings the Sneak (Spriggan Assassin)  Turns: 2361, Time: 00:10:27

Health: -1/22      AC:  3    Str:  8    XL:     4   Next: 89%
Magic:  5/5        EV: 19    Int: 12    God:
Gold:   120        SH:  0    Dex: 17    Spells: 3/3 levels left

rFire    . . .     SeeInvis +   a - +2 dagger
rCold    . . .     Gourm    .   (shield restricted)
rNeg     . . .     Faith    .   c - +0 robe
rPois    .         Spirit   .   (helmet restricted)
rElec    .         Reflect  .   d - +0 cloak
rCorr    .         Harm     .   (gloves unavailable)
MR       .....                  (boots unavailable)
Stlth    ++++......             (no amulet)
Regen    0.1/turn               (no ring)
MPRegen  0.1/turn               (no ring)

@: very quick
A: unfitting armour, see invisible, herbivore 3, speed 3, slow metabolism 2
a: no special abilities


You were on level 3 of the Dungeon.
You were not hungry.

You visited 1 branch of the dungeon, and saw 3 of its levels.

You collected 120 gold pieces.

Inventory:

Hand Weapons
 a - a +2 dagger (weapon)
 b - a +0 blowgun
Missiles
 e - 7 poisoned needles
 f - a curare-tipped needle
Armour
 c - a +0 robe (worn)
 d - a +0 cloak (worn)
Scrolls
 h - a scroll of blinking {unknown}
 i - 2 scrolls of teleportation {unknown}
 k - 4 scrolls of identify {unknown}
 m - 3 scrolls of remove curse {unknown}
 o - a scroll of enchant armour {unknown}
Potions
 j - 2 potions of heal wounds {unknown}
 l - a potion of mutation {unknown}
 n - a potion of magic {unknown}
 q - 2 potions of haste {unknown}
Comestibles
 g - a bread ration
 p - 2 royal jellies


   Skills:
 - Level 1.5 Fighting
 * Level 4.4 Short Blades
 - Level 2.0 Throwing
 + Level 3.8 Dodging
 - Level 6.6 Stealth


You had 3 spell levels left.
You didn't know any spells.

Dungeon Overview and Level Annotations

Branches:
Dungeon (3/15)

Altars:
Kikubaaqudgha


Innate Abilities, Weirdness & Mutations

You are very small and have problems with some larger weapons.
You are too small for most types of armour.
You have supernaturally acute eyesight. (SInv)
You are a herbivore.
You cover ground extremely quickly.
You need consume almost no food.


Message History

The orc closely misses you.
Wield which item (- for none, * to show all)? (? for menu, Esc to quit)
a - a +2 dagger (weapon)
You hit the orc.
The orc is moderately wounded.
The orc closely misses you.
You hit the orc.
The orc is heavily wounded.
The orc hits you with a falchion.
* * * LOW HITPOINT WARNING * * *
You closely miss the orc.
The orc is heavily wounded.
You hit the orc but do no damage.
The orc is heavily wounded.
The orc priest looks braver for a moment.
The orc closely misses you. x2
You hit the orc but do no damage.
The orc is heavily wounded.
The orc hits you with a falchion.
You die...

####.#####.#
..##.#####.####
..............#
#.##.#####.##.# #.##...
...##.# ..
#.###########.# .# ..#
####.#### ##.## ###
#....o.o# #...#
#.##.##@# #...####
##### # #.##o# #.......
# #####
#o##.######...####.#
##Z##
#o##.##............#
#####
#o.oo...........†......
#...#
###..#.###............#
#._.# #.##.#
#####..†####.# ##..%#
#. #.# #........#
.....# #. #. #...######


You could see an orc priest and 2 orcs.

Vanquished Creatures
  An orc wizard (D:3)
  3 adders (D:2)
  2 oozes
  2 worms
  A dart slug (D:1)
  A leopard gecko (D:1)
  2 ball pythons (D:2)
  6 giant cockroaches
  9 goblins
  5 hobgoblins
  3 jackals (D:2)
  7 kobolds
  2 quokkas (D:3)
  6 bats
  3 frilled lizards
  8 rats
61 creatures vanquished.

Vanquished Creatures (others)
  A human (D:3)
1 creature vanquished.

Grand Total: 62 creatures vanquished

Notes
Turn   | Place    | Note
-------+----------+-------------------------------------------
     0 | D:1      | MydosGodOfBeginnings the Spriggan Assassin began the quest for the Orb.
     0 | D:1      | Reached XP level 1. HP: 10/10 MP: 2/2
   111 | D:1      | Reached skill level 6 in Stealth
   151 | D:1      | Reached XP level 2. HP: 14/14 MP: 3/3
   591 | D:1      | Reached XP level 3. HP: 18/18 MP: 4/4
  1328 | D:2      | Reached XP level 4. HP: 22/22 MP: 5/5
  1418 | D:2      | Found a faded altar of an unknown god.
  2280 | D:3      | Found an ancient bone altar of Kikubaaqudgha.
  2281 | D:3      | Noticed a human
  2284 | D:3      | Killed a human
  2361 | D:3      | Slain by an orc

Vault maps used:
D:1:      saegor_arrival_simple_d
D:2:      chequers_ecumenical_altar_simple
D:3:      eino_curves_02, tgw_kikubaaqudgha, uniq_sigmund, uniq_robin

Skill      XL: |  1  2  3  4 |
---------------+-------------+-----
Stealth        | 6 |  6.6
Dodging        | 2 3 |  3.8
Short Blades   | 3 4 |  4.4
Fighting       | |  1.5
Throwing       | |  2.0

Action                   |  1- 3 |  4- 6 || total
-------------------------+-------+-------++-------
Melee: Dagger            |   121 |    92 ||   213
 Fire: Blowgun           |    13 |    13 ||    26
 Stab: Sleeping          |    16 |     7 ||    23
Armor: Robe              |    11 |     7 ||    18
Dodge: Dodged            |    78 |    59 ||   137
